Vancouver Canucks vs Edmonton Oilers
Created - Thursday, September 14, 2023 at 06:44
Goals
|
| Vancouver Canucks |
1 |
0 |
0 |
0 |
0 |
1 |
| Edmonton Oilers |
0 |
0 |
1 |
0 |
1 |
2 |
|
Shots
|
| Vancouver Canucks |
12 |
10 |
12 |
0 |
4 |
34 |
| Edmonton Oilers |
11 |
7 |
10 |
1 |
4 |
29 |
|
1st period
1. Vancouver Canucks , Anton Lundell 1 (Nicholas Caamano 1, Casey Mittelstadt 4) at 15:13
Penalties :
No Penalty
2nd period
No Goal
Penalties :
Clayton Keller (VAN) for Hooking (Minor) at 0:17, David Perron (EDM) for Roughing (Minor) at 3:37, Brandon Carlo (EDM) for Hooking (Minor) at 9:05, Jakob Silfverberg (EDM) for Delaying the game (Minor) at 16:02
3rd period
2. Edmonton Oilers , Jakob Silfverberg 2 (Jacob Trouba 4, Mikael Backlund 8) at 10:52
Penalties :
David Perron (EDM) for Elbowing (Minor) at 2:33, Nicholas Caamano (VAN) for Holding Stick (Minor) at 5:03, Jesperi Kotkaniemi (VAN) for Holding (Minor) at 12:07
Overtime #1
No Goal
Penalties :
No Penalty
Shootout
Vancouver Canucks, Aleksander Barkov - Stopped by Juuse Saros
Edmonton Oilers, Boone Jenner - Stopped by Ville Husso
Vancouver Canucks, Anton Lundell - Stopped by Juuse Saros
Edmonton Oilers, Jakob Silfverberg - Stopped by Ville Husso
Vancouver Canucks, Jesperi Kotkaniemi - Shot Misses the Net
Edmonton Oilers, Mikael Backlund - Shot Misses the Net
Vancouver Canucks, Artturi Lehkonen - Stopped by Juuse Saros
Edmonton Oilers, Jakub Voracek - Goal!
Penalties :
No Penalty
Goalie Stats
Ville Husso (VAN), 28 saves from 29 shots - (0.966), OTL, 2-3-2, 65:00 minutes
Juuse Saros (EDM), 33 saves from 34 shots - (0.971), W, 5-5-2, 65:00 minutes
Players Stats for Vancouver Canucks
Player Name G A P +/- PIM S H SB GA TA FO MP PP MP PK MP
------------------------------------------------------------------------------------
Adam Boqvist 0 0 0 0 0 1 2 1 2 0 0/0 27:05 4:47 1:51
Aleksander Barkov 0 0 0 -1 0 5 1 1 0 0 15/34 25:04 4:25 4:00
Anton Lundell 1 0 1 1 0 1 2 0 0 0 1/1 11:00 0:10 1:20
Artturi Lehkonen 0 0 0 0 0 4 3 0 0 1 1/1 17:38 3:21 0:00
Casey Mittelstadt 0 1 1 1 0 1 1 0 1 0 0/0 14:42 3:21 1:50
Clayton Keller 0 0 0 -1 2 1 1 0 0 0 0/3 19:47 4:25 0:00
Jacob Bryson 0 0 0 0 0 1 1 0 0 0 0/0 16:18 0:07 0:00
Jesperi Kotkaniemi 0 0 0 0 2 3 1 1 0 0 2/4 11:04 0:00 0:00
Kasperi Kapanen 0 0 0 0 0 1 3 0 1 0 1/1 13:01 0:10 0:00
Maxence Guenette 0 0 0 0 0 0 0 0 0 0 0/0 12:03 0:00 0:00
Mikko Rantanen 0 0 0 -1 0 6 3 4 3 0 2/3 21:04 4:25 0:00
Miro Heiskanen 0 0 0 0 0 1 0 1 0 0 0/0 27:41 4:40 1:51
Nicholas Caamano 0 1 1 1 2 0 3 0 0 0 0/0 8:02 0:10 0:00
Noah Cates 0 0 0 0 0 1 0 0 1 0 0/2 14:39 0:00 3:59
Noah Hanifin 0 0 0 0 0 1 1 1 0 0 0/0 26:40 3:09 4:06
Olli Maatta 0 0 0 0 0 1 1 1 0 0 0/0 20:13 3:09 4:06
Robby Fabbri 0 0 0 0 0 5 2 1 0 1 3/10 17:19 3:21 0:45
Taylor Raddysh 0 0 0 0 0 1 0 0 0 0 0/0 10:40 0:00 0:00
Players Stats for Edmonton Oilers
Player Name G A P +/- PIM S H SB GA TA FO MP PP MP PK MP
------------------------------------------------------------------------------------
Boone Jenner 0 0 0 0 0 3 4 0 0 0 5/8 19:46 3:01 0:00
Brandon Carlo 0 0 0 -1 2 0 3 0 0 3 0/0 23:25 0:00 3:28
Brett Pesce 0 0 0 0 0 0 1 0 0 0 0/0 20:03 0:00 3:46
Brock Boeser 0 0 0 -1 0 2 0 0 0 0 1/1 15:12 2:53 0:00
Damon Severson 0 0 0 1 0 0 0 3 0 0 0/0 18:53 3:04 0:00
David Perron 0 0 0 0 4 2 0 1 0 1 0/0 15:53 3:04 0:00
Dawson Mercer 0 0 0 0 0 2 0 0 0 0 0/0 9:45 0:00 1:00
Derek Grant 0 0 0 0 0 0 2 0 0 0 3/4 14:01 2:56 3:51
Erik Johnson 0 0 0 0 0 1 2 0 0 0 0/0 16:40 0:00 3:00
Evan Bouchard 0 0 0 -1 0 1 2 0 1 1 0/0 19:41 2:53 0:42
Jacob Trouba 0 1 1 1 0 2 6 1 0 1 0/0 24:11 0:00 4:56
Jake DeBrusk 0 0 0 1 0 4 1 0 0 0 2/2 14:57 0:00 0:00
Jakob Silfverberg 1 0 1 1 2 3 1 2 0 0 1/1 20:59 3:01 3:06
Jakub Voracek 0 0 0 -1 0 2 1 0 1 0 0/1 14:19 2:56 0:00
Jamie Benn 0 0 0 0 0 5 3 1 0 1 9/15 19:00 3:01 0:00
Jeff Carter 0 0 0 -1 0 0 1 0 0 0 5/10 14:44 0:00 3:41
Mikael Backlund 0 1 1 1 0 1 0 2 0 0 8/17 20:42 2:56 3:51
Paul Stastny 0 0 0 0 0 1 1 0 0 1 0/0 9:49 0:00 0:23
3 Stars
1 - Juuse Saros (EDM)
2 - Ville Husso (VAN)
3 - Jacob Trouba (EDM)
Power Play
Vancouver Canucks - 0 on 4 Attempt(s) - 0.00%
Edmonton Oilers - 0 on 3 Attempt(s) - 0.00%
Penalty Kill
Vancouver Canucks - 3 on 3 Attempt(s) - 100.00%
- Score 0 goal in Penalty Kill
Edmonton Oilers - 4 on 4 Attempt(s) - 100.00%
- Score 0 goal in Penalty Kill
Team Stat
Vancouver Canucks - Hits : 25 - Faceoff Wins : 25 - Blocked Shots : 11 - Penalty Minutes : 6
Edmonton Oilers - Hits : 28 - Faceoff Wins : 34 - Blocked Shots : 10 - Penalty Minutes : 8
Official
Referees : Graham Skiliter and Steve Kozari
Linesman : Steve Barton and Tim Nowak
Game Notes
David Perron is injured at 14:37 of 3rd period (Left Hip)
Finance
Level 1 -- Attendance: 5837 (97.28%) -- Ticket Income $525,330
Level 2 -- Attendance: 4955 (99.10%) -- Ticket Income $247,750
Level 3 -- Attendance: 2924 (97.47%) -- Ticket Income $87,720
Level 4 -- Attendance: 4720 (94.40%) -- Ticket Income $94,400
Luxury Box -- Attendance: 920 (92.00%) -- Ticket Income $174,800
Game was played at the Rexall Place.
Total Attendance: 19356 (96.78%)
Total Ticket Income: $1,130,000
Other Income: $395,500
Total Income: $1,525,500
Vancouver Canucks
5 vs 5 Forward
Center Left Wing Right Wing Time % Phy DF OF
1 Aleksander Barkov Clayton Keller Mikko Rantanen 40 1 2 2
2 Robby Fabbri Artturi Lehkonen Kasperi Kapanen 30 1 2 2
3 Jesperi Kotkaniemi Noah Cates Taylor Raddysh 20 1 2 2
4 Anton Lundell Casey Mittelstadt Nicholas Caamano 10 1 2 2
5 vs 5 Defense
Defense Defense Time % Phy DF OF
1 Adam Boqvist Miro Heiskanen 40 1 2 2
2 Noah Hanifin Jacob Bryson 30 1 2 2
3 Olli Maatta Maxence Guenette 20 1 2 2
4 Noah Hanifin Miro Heiskanen 10 1 2 2
PowerPlay Forward
Center Left Wing Right Wing Time % Phy DF OF
1 Aleksander Barkov Clayton Keller Mikko Rantanen 60 0 1 4
2 Casey Mittelstadt Robby Fabbri Artturi Lehkonen 40 0 1 4
PowerPlay Defense
Defense Defense Time % Phy DF OF
1 Miro Heiskanen Adam Boqvist 60 0 1 4
2 Noah Hanifin Olli Maatta 40 0 1 4
Penalty Kill 4 Players Forward
Center Wing Time % Phy DF OF
1 Aleksander Barkov Noah Cates 60 1 3 1
2 Casey Mittelstadt Anton Lundell 40 1 3 1
Penalty Kill 4 Players Defense
Defense Defense Time % Phy DF OF
1 Noah Hanifin Olli Maatta 60 1 3 1
2 Miro Heiskanen Adam Boqvist 40 1 3 1
Penalty Kill - 3 Players Forward
Forward Time % Phy DF OF
1 Noah Cates 60 1 3 1
2 Aleksander Barkov 40 1 3 1
Penalty Kill - 3 Players Defense
Defense Defense Time % Phy DF OF
1 Noah Hanifin Olli Maatta 60 1 3 1
2 Miro Heiskanen Adam Boqvist 40 1 3 1
4 vs 4 Forward
Center Wing Time % Phy DF OF
1 Aleksander Barkov Mikko Rantanen 60 1 2 2
2 Robby Fabbri Artturi Lehkonen 40 1 2 2
4 vs 4 Defense
Defense Defense Time % Phy DF OF
1 Miro Heiskanen Noah Hanifin 60 1 2 2
2 Olli Maatta Adam Boqvist 40 1 2 2
Last Minutes Offensive
Center Left Wing Right Wing Defense Defense
Aleksander Barkov Clayton Keller Mikko Rantanen Miro Heiskanen Adam Boqvist
Last Minutes Defensive
Center Left Wing Right Wing Defense Defense
Aleksander Barkov Noah Cates Artturi Lehkonen Noah Hanifin Olli Maatta
Goaltenders
Starting : Ville Husso
Backup : Joonas Korpisalo
Extra Forwards
Normal : Mikko Rantanen, Aleksander Barkov, Artturi Lehkonen - PP : Clayton Keller, Kasperi Kapanen - PK : Robby Fabbri
Extra Defensemen
Normal : Miro Heiskanen, Noah Hanifin, Olli Maatta - PP : Adam Boqvist - PK : Noah Hanifin, Maxence Guenette
Penalty Shots
Aleksander Barkov, Anton Lundell, Jesperi Kotkaniemi, Artturi Lehkonen, Mikko Rantanen
Edmonton Oilers
5 vs 5 Forward
Center Left Wing Right Wing Time % Phy DF OF
1 Jamie Benn Boone Jenner David Perron 31 1 2 2
2 Mikael Backlund Jakob Silfverberg Jake DeBrusk 31 1 2 2
3 Jeff Carter Jakub Voracek Brock Boeser 25 1 2 2
4 Derek Grant Paul Stastny Dawson Mercer 13 1 2 2
5 vs 5 Defense
Defense Defense Time % Phy DF OF
1 Jacob Trouba Damon Severson 32 1 2 2
2 Brandon Carlo Evan Bouchard 32 1 2 2
3 Erik Johnson Brett Pesce 26 1 3 1
4 Brandon Carlo Jacob Trouba 10 1 4 0
PowerPlay Forward
Center Left Wing Right Wing Time % Phy DF OF
1 Boone Jenner Jamie Benn Jakob Silfverberg 50 0 0 5
2 Mikael Backlund Derek Grant Jakub Voracek 50 0 0 5
PowerPlay Defense
Defense Defense Time % Phy DF OF
1 Evan Bouchard Brock Boeser 50 0 1 4
2 Damon Severson David Perron 50 0 1 4
Penalty Kill 4 Players Forward
Center Wing Time % Phy DF OF
1 Mikael Backlund Derek Grant 50 1 4 0
2 Jeff Carter Jakob Silfverberg 50 1 4 0
Penalty Kill 4 Players Defense
Defense Defense Time % Phy DF OF
1 Brandon Carlo Jacob Trouba 55 1 4 0
2 Brett Pesce Erik Johnson 45 1 4 0
Penalty Kill - 3 Players Forward
Forward Time % Phy DF OF
1 Mikael Backlund 50 1 4 0
2 Derek Grant 50 1 4 0
Penalty Kill - 3 Players Defense
Defense Defense Time % Phy DF OF
1 Jacob Trouba Brandon Carlo 55 1 4 0
2 Brett Pesce Erik Johnson 45 1 4 0
4 vs 4 Forward
Center Wing Time % Phy DF OF
1 Boone Jenner Mikael Backlund 50 0 2 3
2 Jamie Benn Jakob Silfverberg 50 0 2 3
4 vs 4 Defense
Defense Defense Time % Phy DF OF
1 Brandon Carlo Evan Bouchard 50 0 3 2
2 Brett Pesce Jacob Trouba 50 1 3 1
Last Minutes Offensive
Center Left Wing Right Wing Defense Defense
Boone Jenner Jamie Benn Jakob Silfverberg Evan Bouchard Damon Severson
Last Minutes Defensive
Center Left Wing Right Wing Defense Defense
Mikael Backlund Derek Grant Jakob Silfverberg Brandon Carlo Jacob Trouba
Goaltenders
Starting : Juuse Saros
Backup : Matt Murray
Extra Forwards
Normal : Boone Jenner, Jamie Benn, Jake DeBrusk - PP : Jakub Voracek, Boone Jenner - PK : Dawson Mercer
Extra Defensemen
Normal : Brandon Carlo, Jacob Trouba, Brett Pesce - PP : Brett Pesce - PK : Brett Pesce, Evan Bouchard
Penalty Shots
Boone Jenner, Jakob Silfverberg, Mikael Backlund, Jakub Voracek, David Perron
% Time on Ice - Vancouver Canucks
Lines # - Real PCT - Wanted PCT - Time Play
Normal Forward
1 - 32% - 40% - 14:49
2 - 28% - 30% - 12:58
3 - 23% - 20% - 10:40
4 - 17% - 10% - 7:40
Normal Defense
1 - 38% - 40% - 17:30
2 - 32% - 30% - 14:46
3 - 24% - 20% - 10:51
4 - 7% - 10% - 3:00
PP Forward
1 - 56% - 60% - 4:28
2 - 44% - 40% - 3:28
PP Defense
1 - 60% - 60% - 4:47
2 - 40% - 40% - 3:09
PK Forward
1 - 83% - 60% - 4:57
2 - 17% - 40% - 1:00
PK Defense
1 - 69% - 60% - 4:06
2 - 31% - 40% - 1:51
PK3 Forward
1 - 0% - 60%
2 - 0% - 40%
PK3 Defense
1 - 0% - 60%
2 - 0% - 40%
44 Forward
1 - 90% - 60% - 4:29
2 - 10% - 40% - 0:31
44 Defense
1 - 79% - 60% - 3:58
2 - 21% - 40% - 1:02
Last Minute Offensive - 0:00
Last Minute Defensive - 0:00
Total
Forward - 65:00
Defense - 65:00
|
% Time on Ice - Edmonton Oilers
Lines # - Real PCT - Wanted PCT - Time Play
Normal Forward
1 - 31% - 31% - 14:23
2 - 29% - 31% - 13:11
3 - 24% - 25% - 10:58
4 - 16% - 13% - 7:35
Normal Defense
1 - 31% - 32% - 14:22
2 - 32% - 32% - 14:58
3 - 27% - 26% - 12:36
4 - 9% - 10% - 4:11
PP Forward
1 - 51% - 50% - 3:01
2 - 49% - 50% - 2:56
PP Defense
1 - 48% - 50% - 2:53
2 - 52% - 50% - 3:04
PK Forward
1 - 49% - 50% - 3:51
2 - 51% - 50% - 4:05
PK Defense
1 - 62% - 55% - 4:56
2 - 38% - 45% - 3:00
PK3 Forward
1 - 0% - 50%
2 - 0% - 50%
PK3 Defense
1 - 0% - 55%
2 - 0% - 45%
44 Forward
1 - 50% - 50% - 2:30
2 - 50% - 50% - 2:30
44 Defense
1 - 46% - 50% - 2:19
2 - 54% - 50% - 2:41
Last Minute Offensive - 0:00
Last Minute Defensive - 0:00
Total
Forward - 65:00
Defense - 65:00
|
Play-by-Play
1st period
0:01 of 1st period - Jamie Benn wins face-off versus Aleksander Barkov in neutral zone.
0:20 of 1st period - Damon Severson is hit by Adam Boqvist and loses puck.
0:31 of 1st period - Wrist shot by Mikael Backlund.
0:31 of 1st period - Stopped by Ville Husso with a rebound.
0:37 of 1st period - Mikael Backlund is hit by Robby Fabbri and loses puck.
2:03 of 1st period - Snap shot by David Perron.
2:03 of 1st period - Shot Misses the Net.
2:05 of 1st period - Wrist shot by Jamie Benn.
2:05 of 1st period - Shot Misses the Net.
2:07 of 1st period - Slapshot by Evan Bouchard.
2:07 of 1st period - Shot Misses the Net.
2:15 of 1st period - Wrist shot by David Perron.
2:15 of 1st period - Stopped by Ville Husso with a rebound.
3:07 of 1st period - Wrist shot by Casey Mittelstadt.
3:07 of 1st period - Stopped by Juuse Saros without a rebound.
3:08 of 1st period - Mikko Rantanen wins face-off versus Jeff Carter in Edmonton Oilers zone.
3:09 of 1st period - Snap shot by Aleksander Barkov.
3:09 of 1st period - Shot Misses the Net.
3:11 of 1st period - Wrist shot by Aleksander Barkov.
3:11 of 1st period - Stopped by Juuse Saros with a rebound.
3:42 of 1st period - Snap shot by Mikael Backlund.
3:42 of 1st period - Shot Misses the Net.
3:44 of 1st period - Slapshot by Jakob Silfverberg.
3:44 of 1st period - Stopped by Ville Husso without a rebound.
3:45 of 1st period - Jamie Benn wins face-off versus Aleksander Barkov in Vancouver Canucks zone.
3:46 of 1st period - Snap shot by Boone Jenner.
3:46 of 1st period - Stopped by Ville Husso without a rebound.
3:47 of 1st period - Aleksander Barkov wins face-off versus Jamie Benn in Vancouver Canucks zone.
4:35 of 1st period - Snap shot by Aleksander Barkov.
4:35 of 1st period - Shot Blocked by Jamie Benn.
5:43 of 1st period - Snap shot by Jamie Benn.
5:43 of 1st period - Shot Misses the Net.
5:45 of 1st period - Slapshot by Erik Johnson.
5:45 of 1st period - Shot Blocked by Noah Hanifin.
5:47 of 1st period - Wrist shot by Erik Johnson.
5:47 of 1st period - Stopped by Ville Husso without a rebound.
5:48 of 1st period - Mikael Backlund wins face-off versus Robby Fabbri in Vancouver Canucks zone.
6:15 of 1st period - Brandon Carlo is hit by Nicholas Caamano and loses puck.
6:53 of 1st period - Noah Cates is hit by Jacob Trouba and loses puck.
7:25 of 1st period - Taylor Raddysh is hit by Brandon Carlo.
7:54 of 1st period - Snap shot by Jesperi Kotkaniemi.
7:54 of 1st period - Stopped by Juuse Saros with a rebound.
7:56 of 1st period - Slapshot by Jacob Bryson.
7:56 of 1st period - Deflect By Jesperi Kotkaniemi.
7:56 of 1st period - Stopped by Juuse Saros with a rebound.
7:58 of 1st period - Wrist shot by Jesperi Kotkaniemi.
7:58 of 1st period - Deflect By Taylor Raddysh.
7:58 of 1st period - Shot Blocked by Damon Severson.
7:58 of 1st period - Puck is out of play.
7:59 of 1st period - Kasperi Kapanen wins face-off versus Jeff Carter in Edmonton Oilers zone.
8:14 of 1st period - Snap shot by Jakub Voracek.
8:14 of 1st period - Shot Misses the Net.
8:29 of 1st period - Paul Stastny is hit by Anton Lundell and loses puck.
9:05 of 1st period - Slapshot by Evan Bouchard.
9:05 of 1st period - Stopped by Ville Husso without a rebound.
9:06 of 1st period - Brock Boeser wins face-off versus Robby Fabbri in Vancouver Canucks zone.
9:31 of 1st period - Jacob Trouba is hit by Jacob Bryson and loses puck.
9:40 of 1st period - Boone Jenner is hit by Noah Hanifin and loses puck.
9:57 of 1st period - Snap shot by Brock Boeser.
9:57 of 1st period - Stopped by Ville Husso with a rebound.
10:04 of 1st period - Icing by Casey Mittelstadt.
10:05 of 1st period - Anton Lundell wins face-off versus Derek Grant in Vancouver Canucks zone.
10:05 of 1st period - Anton Lundell is hit by Derek Grant.
10:22 of 1st period - Off-side.
10:23 of 1st period - Jeff Carter wins face-off versus Aleksander Barkov in neutral zone.
10:37 of 1st period - Brock Boeser is hit by Adam Boqvist and loses puck.
10:50 of 1st period - Robby Fabbri is hit by Jamie Benn and loses puck.
11:57 of 1st period - Brandon Carlo is hit by Mikko Rantanen and loses puck.
12:34 of 1st period - Noah Cates is hit by Jacob Trouba and loses puck.
12:45 of 1st period - Wrist shot by Dawson Mercer.
12:45 of 1st period - Shot Blocked by Jesperi Kotkaniemi.
13:03 of 1st period - Casey Mittelstadt is hit by Jakob Silfverberg and loses puck.
13:22 of 1st period - Wrist shot by Aleksander Barkov.
13:22 of 1st period - Shot Blocked by Damon Severson.
13:24 of 1st period - Wrist shot by Olli Maatta.
13:24 of 1st period - Stopped by Juuse Saros without a rebound.
13:25 of 1st period - Robby Fabbri wins face-off versus Mikael Backlund in Edmonton Oilers zone.
13:36 of 1st period - Snap shot by Robby Fabbri.
13:36 of 1st period - Shot Blocked by Jakob Silfverberg.
15:07 of 1st period - Slapshot by Casey Mittelstadt.
15:07 of 1st period - Shot Misses the Net.
15:13 of 1st period - Snap shot by Anton Lundell.
15:13 of 1st period - Goal by Anton Lundell - Vancouver Canucks : 1 - Edmonton Oilers : 0.
15:14 of 1st period - Jamie Benn wins face-off versus Aleksander Barkov in neutral zone.
15:41 of 1st period - Jacob Bryson is hit by Jacob Trouba and loses puck.
15:50 of 1st period - Snap shot by Robby Fabbri.
15:50 of 1st period - Stopped by Juuse Saros with a rebound.
16:04 of 1st period - Off-side.
16:05 of 1st period - Derek Grant wins face-off versus Clayton Keller in neutral zone.
16:08 of 1st period - Snap shot by Dawson Mercer.
16:08 of 1st period - Stopped by Ville Husso with a rebound.
16:22 of 1st period - Backhand shot by Mikko Rantanen.
16:22 of 1st period - Stopped by Juuse Saros with a rebound.
16:32 of 1st period - Robby Fabbri is hit by Boone Jenner and loses puck.
16:41 of 1st period - Snap shot by Artturi Lehkonen.
16:41 of 1st period - Deflect By Robby Fabbri.
16:41 of 1st period - Stopped by Juuse Saros with a rebound.
16:51 of 1st period - Taylor Raddysh is hit by Erik Johnson and loses puck.
17:02 of 1st period - Snap shot by Jake DeBrusk.
17:02 of 1st period - Stopped by Ville Husso without a rebound.
17:03 of 1st period - Jamie Benn wins face-off versus Aleksander Barkov in Vancouver Canucks zone.
17:04 of 1st period - Slapshot by David Perron.
17:04 of 1st period - Shot Misses the Net.
17:30 of 1st period - Jacob Trouba is hit by Kasperi Kapanen and loses puck.
17:59 of 1st period - Wrist shot by Casey Mittelstadt.
17:59 of 1st period - Shot Misses the Net.
18:11 of 1st period - Noah Hanifin is hit by Jeff Carter and loses puck.
18:53 of 1st period - Boone Jenner is hit by Kasperi Kapanen and loses puck.
19:00 of 1st period - Wrist shot by David Perron.
19:00 of 1st period - Deflect By Jamie Benn.
19:00 of 1st period - Stopped by Ville Husso without a rebound.
19:01 of 1st period - Aleksander Barkov wins face-off versus Jeff Carter in Vancouver Canucks zone.
19:31 of 1st period - Wrist shot by Artturi Lehkonen.
19:31 of 1st period - Stopped by Juuse Saros with a rebound.
19:33 of 1st period - Wrist shot by Robby Fabbri.
19:33 of 1st period - Stopped by Juuse Saros with a rebound.
19:35 of 1st period - Slapshot by Adam Boqvist.
19:35 of 1st period - Stopped by Juuse Saros with a rebound.
19:55 of 1st period - Slapshot by Paul Stastny.
19:55 of 1st period - Stopped by Ville Husso without a rebound.
19:56 of 1st period - Aleksander Barkov wins face-off versus Jamie Benn in Vancouver Canucks zone.
Goals for this period are 1 for Vancouver Canucks vs 0 for Edmonton Oilers.
Shots for this period are 12 for Vancouver Canucks vs 11 for Edmonton Oilers.
2nd period
0:01 of 2nd period - Jamie Benn wins face-off versus Aleksander Barkov in neutral zone.
0:04 of 2nd period - Wrist shot by Boone Jenner.
0:04 of 2nd period - Shot Blocked by Miro Heiskanen.
0:10 of 2nd period - David Perron is hit by Mikko Rantanen.
0:17 of 2nd period - Minor Penalty to Clayton Keller for Hooking.
0:18 of 2nd period - Boone Jenner wins face-off versus Noah Cates in Vancouver Canucks zone.
0:32 of 2nd period - Snap shot by Jamie Benn.
0:32 of 2nd period - Stopped by Ville Husso without a rebound.
0:33 of 2nd period - Aleksander Barkov wins face-off versus Mikael Backlund in Vancouver Canucks zone.
0:51 of 2nd period - Icing by Damon Severson.
0:52 of 2nd period - Aleksander Barkov wins face-off versus Jakub Voracek in Edmonton Oilers zone.
1:13 of 2nd period - Wrist shot by Jakub Voracek.
1:13 of 2nd period - Stopped by Ville Husso without a rebound.
1:14 of 2nd period - Boone Jenner wins face-off versus Noah Cates in Vancouver Canucks zone.
1:29 of 2nd period - Aleksander Barkov is hit by Boone Jenner and loses puck.
1:54 of 2nd period - Slapshot by Brock Boeser.
1:54 of 2nd period - Deflect By Jamie Benn.
1:54 of 2nd period - Stopped by Ville Husso without a rebound.
1:55 of 2nd period - Aleksander Barkov wins face-off versus Mikael Backlund in Vancouver Canucks zone.
2:06 of 2nd period - Olli Maatta is hit by Derek Grant and loses puck.
2:17 of 2nd period - Penalty to Clayton Keller is over, Clayton Keller is back on ice.
2:44 of 2nd period - Snap shot by Jake DeBrusk.
2:44 of 2nd period - Stopped by Ville Husso with a rebound.
3:02 of 2nd period - Wrist shot by Kasperi Kapanen.
3:02 of 2nd period - Stopped by Juuse Saros without a rebound.
3:03 of 2nd period - Jeff Carter wins face-off versus Aleksander Barkov in Edmonton Oilers zone.
3:07 of 2nd period - Off-side.
3:08 of 2nd period - Aleksander Barkov wins face-off versus Jeff Carter in neutral zone.
3:13 of 2nd period - Wrist shot by Aleksander Barkov.
3:13 of 2nd period - Stopped by Juuse Saros without a rebound.
3:14 of 2nd period - Jamie Benn wins face-off versus Mikko Rantanen in Edmonton Oilers zone.
3:37 of 2nd period - Minor Penalty to David Perron for Roughing.
3:38 of 2nd period - Aleksander Barkov wins face-off versus Mikael Backlund in Edmonton Oilers zone.
3:43 of 2nd period - Wrist shot by Clayton Keller.
3:43 of 2nd period - Stopped by Juuse Saros without a rebound.
3:44 of 2nd period - Aleksander Barkov wins face-off versus Mikael Backlund in Edmonton Oilers zone.
3:45 of 2nd period - Snap shot by Mikko Rantanen.
3:45 of 2nd period - Shot Blocked by Jacob Trouba.
3:47 of 2nd period - Slapshot by Mikko Rantanen.
3:47 of 2nd period - Stopped by Juuse Saros with a rebound.
3:49 of 2nd period - Snap shot by Mikko Rantanen.
3:49 of 2nd period - Stopped by Juuse Saros without a rebound.
3:50 of 2nd period - Mikko Rantanen wins face-off versus Jeff Carter in Edmonton Oilers zone.
4:23 of 2nd period - Slapshot by Artturi Lehkonen.
4:23 of 2nd period - Stopped by Juuse Saros with a rebound.
4:25 of 2nd period - Snap shot by Robby Fabbri.
4:25 of 2nd period - Stopped by Juuse Saros with a rebound.
4:27 of 2nd period - Wrist shot by Noah Hanifin.
4:27 of 2nd period - Shot Blocked by Jakob Silfverberg.
5:19 of 2nd period - Jacob Trouba is hit by Artturi Lehkonen and loses puck.
5:37 of 2nd period - Penalty to David Perron is over, David Perron is back on ice.
7:02 of 2nd period - Miro Heiskanen is hit by Evan Bouchard and loses puck.
7:09 of 2nd period - Paul Stastny is hit by Nicholas Caamano and loses puck.
7:22 of 2nd period - Robby Fabbri is hit by Boone Jenner.
7:36 of 2nd period - Wrist shot by Brock Boeser.
7:36 of 2nd period - Stopped by Ville Husso with a rebound.
9:05 of 2nd period - Minor Penalty to Brandon Carlo for Hooking.
9:06 of 2nd period - Mikael Backlund wins face-off versus Aleksander Barkov in Edmonton Oilers zone.
9:21 of 2nd period - Brett Pesce is hit by Mikko Rantanen and loses puck.
9:44 of 2nd period - Adam Boqvist is hit by Evan Bouchard and loses puck.
11:01 of 2nd period - Jacob Trouba is hit by Kasperi Kapanen.
11:05 of 2nd period - Penalty to Brandon Carlo is over, Brandon Carlo is back on ice.
11:24 of 2nd period - Jesperi Kotkaniemi is hit by Boone Jenner and loses puck.
11:33 of 2nd period - Snap shot by Boone Jenner.
11:33 of 2nd period - Shot Misses the Net.
12:07 of 2nd period - Olli Maatta is hit by Jacob Trouba and loses puck.
12:21 of 2nd period - Icing by Artturi Lehkonen.
12:22 of 2nd period - Derek Grant wins face-off versus Robby Fabbri in Vancouver Canucks zone.
13:34 of 2nd period - Evan Bouchard is hit by Artturi Lehkonen.
13:59 of 2nd period - Jacob Bryson is hit by Erik Johnson and loses puck.
14:18 of 2nd period - Jacob Bryson is hit by Jakub Voracek and loses puck.
14:38 of 2nd period - Slapshot by Mikael Backlund.
14:38 of 2nd period - Shot Misses the Net.
14:46 of 2nd period - Jake DeBrusk is hit by Nicholas Caamano.
15:03 of 2nd period - Paul Stastny is hit by Artturi Lehkonen and loses puck.
15:20 of 2nd period - Slapshot by Miro Heiskanen.
15:20 of 2nd period - Deflect By Mikko Rantanen.
15:20 of 2nd period - Stopped by Juuse Saros with a rebound.
15:22 of 2nd period - Snap shot by Miro Heiskanen.
15:22 of 2nd period - Stopped by Juuse Saros without a rebound.
15:23 of 2nd period - Jeff Carter wins face-off versus Aleksander Barkov in Edmonton Oilers zone.
15:59 of 2nd period - Snap shot by Aleksander Barkov.
15:59 of 2nd period - Stopped by Juuse Saros without a rebound.
16:00 of 2nd period - Mikael Backlund wins face-off versus Robby Fabbri in Edmonton Oilers zone.
16:02 of 2nd period - Minor Penalty to Jakob Silfverberg for Delaying the game.
16:03 of 2nd period - Mikael Backlund wins face-off versus Aleksander Barkov in Edmonton Oilers zone.
16:29 of 2nd period - Robby Fabbri is hit by Jacob Trouba and loses puck.
17:36 of 2nd period - Derek Grant is hit by Robby Fabbri and loses puck.
18:02 of 2nd period - Penalty to Jakob Silfverberg is over, Jakob Silfverberg is back on ice.
18:24 of 2nd period - Snap shot by Dawson Mercer.
18:24 of 2nd period - Shot Misses the Net.
18:26 of 2nd period - Wrist shot by Dawson Mercer.
18:26 of 2nd period - Shot Misses the Net.
18:28 of 2nd period - Slapshot by Jacob Trouba.
18:28 of 2nd period - Stopped by Ville Husso with a rebound.
18:30 of 2nd period - Slapshot by Dawson Mercer.
18:30 of 2nd period - Shot Misses the Net.
18:32 of 2nd period - Snap shot by Paul Stastny.
18:32 of 2nd period - Shot Misses the Net.
18:34 of 2nd period - Snap shot by Brandon Carlo.
18:34 of 2nd period - Deflect By Jakob Silfverberg.
18:34 of 2nd period - Stopped by Ville Husso without a rebound.
18:35 of 2nd period - Robby Fabbri wins face-off versus Jamie Benn in Vancouver Canucks zone.
18:56 of 2nd period - Jacob Bryson is hit by Brandon Carlo and loses puck.
Goals for this period are 0 for Vancouver Canucks vs 0 for Edmonton Oilers.
Shots for this period are 10 for Vancouver Canucks vs 7 for Edmonton Oilers.
3rd period
0:01 of 3rd period - Jamie Benn wins face-off versus Aleksander Barkov in neutral zone.
0:30 of 3rd period - Snap shot by Mikael Backlund.
0:30 of 3rd period - Shot Blocked by Robby Fabbri.
1:10 of 3rd period - Backhand shot by Derek Grant.
1:10 of 3rd period - Shot Misses the Net.
1:16 of 3rd period - Slapshot by Dawson Mercer.
1:16 of 3rd period - Shot Misses the Net.
1:18 of 3rd period - Slapshot by Jacob Trouba.
1:18 of 3rd period - Stopped by Ville Husso with a rebound.
1:54 of 3rd period - Wrist shot by Jakub Voracek.
1:54 of 3rd period - Stopped by Ville Husso without a rebound.
1:55 of 3rd period - Jeff Carter wins face-off versus Aleksander Barkov in Vancouver Canucks zone.
1:56 of 3rd period - Slapshot by Brock Boeser.
1:56 of 3rd period - Shot Misses the Net.
1:58 of 3rd period - Backhand shot by Brock Boeser.
1:58 of 3rd period - Shot Blocked by Mikko Rantanen.
2:00 of 3rd period - Snap shot by Jeff Carter.
2:00 of 3rd period - Shot Blocked by Adam Boqvist.
2:02 of 3rd period - Snap shot by Brock Boeser.
2:02 of 3rd period - Shot Misses the Net.
2:04 of 3rd period - Snap shot by Brett Pesce.
2:04 of 3rd period - Shot Misses the Net.
2:06 of 3rd period - Snap shot by Brock Boeser.
2:06 of 3rd period - Deflect By Jakub Voracek.
2:06 of 3rd period - Deflect By Miro Heiskanen.
2:06 of 3rd period - Shot Hit the Post.
2:06 of 3rd period - Puck is out of play.
2:07 of 3rd period - Aleksander Barkov wins face-off versus Mikael Backlund in Vancouver Canucks zone.
2:33 of 3rd period - Minor Penalty to David Perron for Elbowing.
2:34 of 3rd period - Mikael Backlund wins face-off versus Aleksander Barkov in Edmonton Oilers zone.
3:04 of 3rd period - Slapshot by Miro Heiskanen.
3:04 of 3rd period - Shot Blocked by Mikael Backlund.
3:26 of 3rd period - Icing by Mikko Rantanen.
3:27 of 3rd period - Aleksander Barkov wins face-off versus Mikael Backlund in Vancouver Canucks zone.
4:33 of 3rd period - Penalty to David Perron is over, David Perron is back on ice.
4:48 of 3rd period - Jamie Benn is hit by Jesperi Kotkaniemi.
5:03 of 3rd period - Minor Penalty to Nicholas Caamano for Holding Stick.
5:04 of 3rd period - Boone Jenner wins face-off versus Aleksander Barkov in Vancouver Canucks zone.
5:09 of 3rd period - Slapshot by Jamie Benn.
5:09 of 3rd period - Stopped by Ville Husso with a rebound.
5:11 of 3rd period - Snap shot by Evan Bouchard.
5:11 of 3rd period - Deflect By Jamie Benn.
5:11 of 3rd period - Shot Blocked by Olli Maatta.
5:11 of 3rd period - Puck is out of play.
5:12 of 3rd period - Boone Jenner wins face-off versus Aleksander Barkov in Vancouver Canucks zone.
5:15 of 3rd period - Wrist shot by Boone Jenner.
5:15 of 3rd period - Stopped by Ville Husso without a rebound.
5:16 of 3rd period - Mikael Backlund wins face-off versus Aleksander Barkov in Vancouver Canucks zone.
5:43 of 3rd period - Noah Cates is hit by Jamie Benn and loses puck.
5:52 of 3rd period - Snap shot by Boone Jenner.
5:52 of 3rd period - Shot Misses the Net.
5:54 of 3rd period - Slapshot by Evan Bouchard.
5:54 of 3rd period - Shot Misses the Net.
5:56 of 3rd period - Wrist shot by Jakob Silfverberg.
5:56 of 3rd period - Shot Blocked by Aleksander Barkov.
7:03 of 3rd period - Penalty to Nicholas Caamano is over, Nicholas Caamano is back on ice.
8:14 of 3rd period - Wrist shot by Jesperi Kotkaniemi.
8:14 of 3rd period - Shot Misses the Net.
8:23 of 3rd period - Icing by Taylor Raddysh.
8:24 of 3rd period - Jamie Benn wins face-off versus Clayton Keller in Vancouver Canucks zone.
8:27 of 3rd period - Wrist shot by Boone Jenner.
8:27 of 3rd period - Stopped by Ville Husso with a rebound.
8:49 of 3rd period - Snap shot by Robby Fabbri.
8:49 of 3rd period - Stopped by Juuse Saros with a rebound.
8:51 of 3rd period - Slapshot by Noah Hanifin.
8:51 of 3rd period - Shot Misses the Net.
8:53 of 3rd period - Slapshot by Jacob Bryson.
8:53 of 3rd period - Stopped by Juuse Saros without a rebound.
8:54 of 3rd period - Boone Jenner wins face-off versus Jesperi Kotkaniemi in Edmonton Oilers zone.
9:03 of 3rd period - Wrist shot by Jamie Benn.
9:03 of 3rd period - Stopped by Ville Husso without a rebound.
9:04 of 3rd period - Jamie Benn wins face-off versus Jesperi Kotkaniemi in Vancouver Canucks zone.
9:05 of 3rd period - Snap shot by David Perron.
9:05 of 3rd period - Stopped by Ville Husso without a rebound.
9:06 of 3rd period - Mikael Backlund wins face-off versus Aleksander Barkov in Vancouver Canucks zone.
9:13 of 3rd period - Snap shot by Mikael Backlund.
9:13 of 3rd period - Shot Blocked by Mikko Rantanen.
10:17 of 3rd period - Kasperi Kapanen is hit by Paul Stastny and loses puck.
10:35 of 3rd period - Icing by Dawson Mercer.
10:36 of 3rd period - Derek Grant wins face-off versus Aleksander Barkov in Edmonton Oilers zone.
10:36 of 3rd period - Derek Grant is hit by Olli Maatta.
10:44 of 3rd period - Snap shot by Jake DeBrusk.
10:44 of 3rd period - Stopped by Ville Husso without a rebound.
10:45 of 3rd period - Mikael Backlund wins face-off versus Aleksander Barkov in Vancouver Canucks zone.
10:48 of 3rd period - Backhand shot by Mikael Backlund.
10:48 of 3rd period - Shot Blocked by Mikko Rantanen.
10:50 of 3rd period - Slapshot by Jacob Trouba.
10:50 of 3rd period - Shot Blocked by Mikko Rantanen.
10:52 of 3rd period - Backhand shot by Jakob Silfverberg.
10:52 of 3rd period - Deflect By Mikko Rantanen.
10:52 of 3rd period - Goal by Jakob Silfverberg - Vancouver Canucks : 1 - Edmonton Oilers : 1.
10:53 of 3rd period - Jakob Silfverberg wins face-off versus Clayton Keller in neutral zone.
11:06 of 3rd period - Snap shot by Mikko Rantanen.
11:06 of 3rd period - Shot Misses the Net.
11:08 of 3rd period - Snap shot by Aleksander Barkov.
11:08 of 3rd period - Stopped by Juuse Saros without a rebound.
11:09 of 3rd period - Artturi Lehkonen wins face-off versus Jamie Benn in Edmonton Oilers zone.
12:07 of 3rd period - Minor Penalty to Jesperi Kotkaniemi for Holding.
12:08 of 3rd period - Aleksander Barkov wins face-off versus Boone Jenner in Vancouver Canucks zone.
12:20 of 3rd period - Slapshot by Boone Jenner.
12:20 of 3rd period - Deflect By Jamie Benn.
12:20 of 3rd period - Shot Misses the Net.
12:20 of 3rd period - Puck is out of play.
12:21 of 3rd period - Aleksander Barkov wins face-off versus Mikael Backlund in Vancouver Canucks zone.
14:07 of 3rd period - Penalty to Jesperi Kotkaniemi is over, Jesperi Kotkaniemi is back on ice.
14:11 of 3rd period - Slapshot by Jesperi Kotkaniemi.
14:11 of 3rd period - Stopped by Juuse Saros without a rebound.
14:12 of 3rd period - Jake DeBrusk wins face-off versus Robby Fabbri in Edmonton Oilers zone.
14:23 of 3rd period - Snap shot by Kasperi Kapanen.
14:23 of 3rd period - Shot Misses the Net.
14:25 of 3rd period - Snap shot by Artturi Lehkonen.
14:25 of 3rd period - Stopped by Juuse Saros without a rebound.
14:26 of 3rd period - Robby Fabbri wins face-off versus Jamie Benn in Edmonton Oilers zone.
14:35 of 3rd period - Snap shot by Kasperi Kapanen.
14:35 of 3rd period - Shot Misses the Net.
14:37 of 3rd period - Slapshot by Maxence Guenette.
14:37 of 3rd period - Shot Blocked by David Perron.
14:37 of 3rd period - David Perron from Edmonton Oilers is injured at 14:37 of 3rd period (Left Hip).
14:38 of 3rd period - Aleksander Barkov wins face-off versus Mikael Backlund in Edmonton Oilers zone.
14:41 of 3rd period - Snap shot by Aleksander Barkov.
14:41 of 3rd period - Deflect By Mikko Rantanen.
14:41 of 3rd period - Stopped by Juuse Saros with a rebound.
15:37 of 3rd period - Snap shot by Paul Stastny.
15:37 of 3rd period - Shot Misses the Net.
15:39 of 3rd period - Wrist shot by Dawson Mercer.
15:39 of 3rd period - Stopped by Ville Husso with a rebound.
15:51 of 3rd period - Wrist shot by Aleksander Barkov.
15:51 of 3rd period - Stopped by Juuse Saros with a rebound.
16:12 of 3rd period - Snap shot by Artturi Lehkonen.
16:12 of 3rd period - Stopped by Juuse Saros with a rebound.
16:14 of 3rd period - Snap shot by Jacob Bryson.
16:14 of 3rd period - Shot Blocked by Damon Severson.
16:16 of 3rd period - Slapshot by Jacob Bryson.
16:16 of 3rd period - Deflect By Artturi Lehkonen.
16:16 of 3rd period - Shot Misses the Net.
16:16 of 3rd period - Puck is out of play.
16:17 of 3rd period - Jake DeBrusk wins face-off versus Robby Fabbri in Edmonton Oilers zone.
16:42 of 3rd period - Taylor Raddysh is hit by Jamie Benn and loses puck.
18:18 of 3rd period - Snap shot by Dawson Mercer.
18:18 of 3rd period - Shot Misses the Net.
18:38 of 3rd period - Snap shot by Clayton Keller.
18:38 of 3rd period - Shot Misses the Net.
18:40 of 3rd period - Snap shot by Mikko Rantanen.
18:40 of 3rd period - Stopped by Juuse Saros without a rebound.
18:41 of 3rd period - Jesperi Kotkaniemi wins face-off versus Jamie Benn in Edmonton Oilers zone.
18:42 of 3rd period - Backhand shot by Taylor Raddysh.
18:42 of 3rd period - Shot Misses the Net.
18:44 of 3rd period - Slapshot by Jacob Bryson.
18:44 of 3rd period - Shot Misses the Net.
18:46 of 3rd period - Wrist shot by Noah Cates.
18:46 of 3rd period - Stopped by Juuse Saros with a rebound.
18:48 of 3rd period - Slapshot by Noah Hanifin.
18:48 of 3rd period - Stopped by Juuse Saros without a rebound.
18:49 of 3rd period - Jesperi Kotkaniemi wins face-off versus Boone Jenner in Edmonton Oilers zone.
19:14 of 3rd period - Snap shot by Boone Jenner.
19:14 of 3rd period - Shot Misses the Net.
19:30 of 3rd period - Wrist shot by Taylor Raddysh.
19:30 of 3rd period - Stopped by Juuse Saros without a rebound.
19:31 of 3rd period - Jeff Carter wins face-off versus Robby Fabbri in Edmonton Oilers zone.
Goals for this period are 0 for Vancouver Canucks vs 1 for Edmonton Oilers.
Shots for this period are 12 for Vancouver Canucks vs 10 for Edmonton Oilers.
Overtime #1
0:01 of 1st overtime period - Aleksander Barkov wins face-off versus Boone Jenner in neutral zone.
0:04 of 1st overtime period - Brandon Carlo is hit by Aleksander Barkov and loses puck.
1:17 of 1st overtime period - Snap shot by Anton Lundell.
1:17 of 1st overtime period - Shot Blocked by Mikael Backlund.
1:47 of 1st overtime period - Artturi Lehkonen is hit by Brandon Carlo and loses puck.
2:24 of 1st overtime period - Paul Stastny is hit by Casey Mittelstadt and loses puck.
2:43 of 1st overtime period - Brandon Carlo is hit by Clayton Keller and loses puck.
3:06 of 1st overtime period - Miro Heiskanen is hit by Jake DeBrusk.
3:18 of 1st overtime period - Artturi Lehkonen is hit by Jacob Trouba and loses puck.
3:25 of 1st overtime period - Artturi Lehkonen is hit by Brett Pesce and loses puck.
4:12 of 1st overtime period - Wrist shot by Jake DeBrusk.
4:12 of 1st overtime period - Stopped by Ville Husso with a rebound.
4:33 of 1st overtime period - Jacob Trouba is hit by Anton Lundell and loses puck.
Goals for this period are 0 for Vancouver Canucks vs 0 for Edmonton Oilers.
Shots for this period are 0 for Vancouver Canucks vs 1 for Edmonton Oilers.
ShootOut
5:00 of 1st overtime period - Round #1.
5:00 of 1st overtime period - Vancouver Canucks, Aleksander Barkov.
5:00 of 1st overtime period - Deke by Aleksander Barkov.
5:00 of 1st overtime period - Stopped by Juuse Saros.
5:00 of 1st overtime period - Edmonton Oilers, Boone Jenner.
5:00 of 1st overtime period - Deke by Boone Jenner.
5:00 of 1st overtime period - Stopped by Ville Husso.
5:00 of 1st overtime period - Round #2.
5:00 of 1st overtime period - Vancouver Canucks, Anton Lundell.
5:00 of 1st overtime period - Wrist shot by Anton Lundell.
5:00 of 1st overtime period - Stopped by Juuse Saros.
5:00 of 1st overtime period - Edmonton Oilers, Jakob Silfverberg.
5:00 of 1st overtime period - Snap shot by Jakob Silfverberg.
5:00 of 1st overtime period - Stopped by Ville Husso.
5:00 of 1st overtime period - Round #3.
5:00 of 1st overtime period - Vancouver Canucks, Jesperi Kotkaniemi.
5:00 of 1st overtime period - Deke by Jesperi Kotkaniemi.
5:00 of 1st overtime period - Shot Misses the Net.
5:00 of 1st overtime period - Edmonton Oilers, Mikael Backlund.
5:00 of 1st overtime period - Wrist shot by Mikael Backlund.
5:00 of 1st overtime period - Shot Misses the Net.
5:00 of 1st overtime period - Round #4.
5:00 of 1st overtime period - Vancouver Canucks, Artturi Lehkonen.
5:00 of 1st overtime period - Snap shot by Artturi Lehkonen.
5:00 of 1st overtime period - Stopped by Juuse Saros.
5:00 of 1st overtime period - Edmonton Oilers, Jakub Voracek.
5:00 of 1st overtime period - Deke by Jakub Voracek.
5:00 of 1st overtime period - Goal by Jakub Voracek.
Back to the Top